 Dungeon Crawl Stone Soup version 0.27.0-1-g7a089689b8 (webtiles) character file.

Game seed: 10228216501556174729

2 freelancePsychic the Grave Robber (level 1, -2/13 HPs)
             Began as a Merfolk Necromancer on Aug 7, 2021.
             Slain by a quokka (3 damage)
             ... on level 1 of the Dungeon.
             The game lasted 00:01:21 (375 turns).

freelancePsychic the Grave Robber (MfNe)             Turns: 375, Time: 00:01:22

Health: -2/13      AC:  2    Str:  8    XL:     1   Next: 40%
Magic:  3/3        EV: 12    Int: 14    God:
Gold:   556        SH:  0    Dex: 14    Spells: 3/4 levels left

rFire    . . .     SeeInvis .   e - +0 dagger
rCold    . . .     Faith    .   (no shield)
rNeg     . . .     Spirit   .   a - +0 robe
rPois    .         Reflect  .   (no helmet)
rElec    .         Harm     .   (no cloak)
rCorr    .         Rampage  .   (no gloves)
Will     .....                  (no boots)
Stlth    ++........             (no amulet)
HPRegen  0.04/turn              (no ring)
MPRegen  0.08/turn              (no ring)

@: no status effects
A: (nimble swimmer 2), mertail
a: no special abilities


You were on level 1 of the Dungeon.
You visited 1 branch of the dungeon, and saw 1 of its levels.

You collected 556 gold pieces.

Inventory:

Hand Weapons
 e - a +0 dagger (weapon)
Armour
 a - a +0 robe (worn)
Potions
 c - 2 potions of curing {unknown}


   Skills:
 + Level 0.1 Fighting
 + Level 2.8 Dodging
 - Level 2.2 Stealth
 - Level 2.0 Spellcasting
 - Level 3.3 Necromancy


You had 3 spell levels left.
You knew the following spells:

 Your Spells              Type           Power      Damage    Failure   Level
a - Pain                  Necr           40%        1d6       6%          1

Your spell library contained the following spells:

 Spells                   Type           Power      Damage    Failure   Level
 Animate Skeleton         Necr           20%        N/A       6%          1
 Vampiric Draining        Necr           5%         2d6       19%         3
 Animate Dead             Necr           5%         N/A       52%         4
 Agony                    Necr           10%        N/A       86%         5


Dungeon Overview and Level Annotations

Branches:
Dungeon (1/15)

Altars:


Innate Abilities, Weirdness & Mutations

((You are quick and stealthy near water. (Stealth+, EV+, Speed+++)))
Your lower body shifts to a powerful aquatic tail in water.


Message History

You are too depleted to draw on your mana recklessly!
A ball python, a quokka and an endoplasm come into view.
You see here a frilled lizard corpse.
You see here a +0 dagger.
e - a +0 dagger You see here a frilled lizard corpse.
e - a +0 dagger (weapon)
You start resting.
Magic restored.
You start resting.
HP restored.
As you read the scroll labelled BEL REDDE, it crumbles to dust.
It is a scroll of identify.
b - a scroll of acquirement Unknown command.
Unknown command.
Something appears at your feet!
You now have 556 gold pieces.
A giant cockroach comes into view.
The quokka bites you.
You hit the quokka but do no damage. The quokka bites you.
You are too injured to fight recklessly!
The quokka bites you. The quokka bites you.
You hit the quokka but do no damage. The quokka misses you. x2
You barely miss the quokka. The quokka closely misses you.
You miss the quokka. The quokka closely misses you.
You closely miss the quokka. The quokka bites you.
You hit the quokka but do no damage. The quokka closely misses you.
You hit the quokka.
The quokka is moderately wounded.
The quokka barely misses you. The quokka bites you.
* * * LOW HITPOINT WARNING * * *
You miss the quokka.
The quokka is moderately wounded.
The quokka barely misses you.
You hit the quokka.
The quokka is heavily wounded.
The quokka bites you.
You die...

### #####............ ..
...S.....##..#^# .#
#######.†......#
.###########.##..#......
.##..........##..# #.###
.##.###########..# #
....# #..# .####
##r###.### .# #@.......
.# #.###.### .# #.# .#
#.# ## ... # #.# #.# ...


You could see a quokka.

Vanquished Creatures
  A giant cockroach (D:1)
  A ball python (D:1)
  A frilled lizard (D:1)
3 creatures vanquished.

Vanquished Creatures (others)
  A plant (D:1)
  5 toadstools (D:1)
6 creatures vanquished.

Grand Total: 9 creatures vanquished

Notes
Turn   | Place    | Note
-------+----------+-------------------------------------------
     0 | D:1      | freelancePsychic the Merfolk Necromancer began the quest
                  | for the Orb.
     0 | D:1      | Reached XP level 1. HP: 13/13 MP: 3/3
   353 | D:1      | Identified a scroll of acquirement
   354 | D:1      | Acquired 556 gold pieces
   375 | D:1      | Slain by a quokka

Illustrated notes

Levels and vault maps discovered:
D:1:      ldierk_walled_garden, layout_loops_ring

Action                   || total
-------------------------++-------
Melee: Unarmed           ||    34
       Dagger            ||     9
 Cast: Pain              ||     6
  Use: Scroll            ||     2
Armor: Robe              ||    11
Dodge: Dodged            ||    36
